 Dungeon Crawl Stone Soup version 0.27.1-34-g3ba077fa99 (webtiles) character file.

Game seed: 14279134962147433355

2326 growler the Zephyrmancer (level 9, 0/45 HPs)
             Began as a Tengu Air Elementalist on Jan 21, 2022.
             Slain by a killer bee (5 damage)
             ... on level 7 of the Dungeon.
             The game lasted 00:18:20 (10601 turns).

growler the Zephyrmancer (Tengu Air Elementalist)  Turns: 10601, Time: 00:18:20

Health: 0/45       AC:  5    Str: 10    XL:     9   Next: 42%
Magic:  1/17       EV: 14    Int: 18    God:
Gold:   279        SH:  0    Dex: 14    Spells: 8/18 levels left

rFire    . . .     SeeInvis .   (no weapon)
rCold    . . .     Faith    .   (no shield)
rNeg     . . .     Spirit   .   a - +0 robe
rPois    .         Reflect  .   (helmet restricted)
rElec    .         Harm     .   (no cloak)
rCorr    .         Rampage  .   i - +2 pair of gloves
Will     .....                  (boots unavailable)
Stlth    ++........             (no amulet)
HPRegen  0.15/turn              (no ring)
MPRegen  0.15/turn              (no ring)

@: lethally poisoned (0 -> -2), flying quickly and evasively, quick
A: beak, talons 3, nimble flight
a: no special abilities


You were on level 7 of the Dungeon.
You visited 2 branches of the dungeon, and saw 8 of its levels.

You collected 279 gold pieces.

Inventory:

Armour
 a - a +0 robe (worn)
 i - a +2 pair of gloves (worn)
   (You found it on level 1 of the Dungeon)
 y - a +0 buckler
   (You found it on level 4 of the Dungeon)
Wands
 d - a wand of iceblast (8)
   (You found it on level 6 of the Dungeon)
 q - a wand of mindburst (31)
   (You found it on level 5 of the Dungeon)
 t - a wand of flame (6)
   (You found it on level 6 of the Dungeon)
Scrolls
 b - 2 scrolls of noise {unknown}
 f - a scroll of fear {unknown}
 o - a scroll of blinking {unknown}
 p - a scroll of silence {unknown}
 r - a scroll of immolation {!r}
 s - 3 scrolls of teleportation {unknown}
 v - a scroll of amnesia {unknown}
 x - a scroll of enchant armour {unknown}
 z - 2 scrolls of acquirement {unknown}
 A - a scroll of magic mapping
 C - a scroll of vulnerability {unknown}
Potions
 c - a potion of cancellation {unknown}
 g - a potion of flight {unknown}
 h - a potion of berserk rage
 k - a potion of invisibility {unknown}
 l - 3 potions of curing {unknown}
 m - 2 potions of haste {unknown}
 n - a potion of heal wounds {@q2}
 u - a potion of lignification {!q}
 w - a potion of might {unknown}
 B - a potion of brilliance {unknown}


   Skills:
 - Level 2.1 Dodging
 - Level 2.0 Stealth
 - Level 5.0 Spellcasting
 - Level 9.0 Conjurations
 + Level 12.0 Air Magic


You had 8 spell levels left.
You knew the following spells:

 Your Spells              Type           Power      Damage    Failure   Level
a - Shock                 Conj/Air       100%       1d9       1%          1
b - Airstrike             Air            23%        N/A       1%          4
d - Static Discharge      Conj/Air       42%        N/A       1%          2
s - Swiftness             Air            47%        N/A       1%          3

Your spell library contained the following spells:

 Spells                   Type           Power      Damage    Failure   Level
 Beastly Appendage        Tmut           8%         N/A       13%         1
 Call Imp                 Summ           4%         N/A       21%         2
 Ensorcelled Hibernation  Hex/Ice        8%         N/A       21%         2
 Sublimation of Blood     Necr           2%         N/A       21%         2
 Wereblood                Tmut           4%         N/A       21%         2
 Spider Form              Tmut/Pois      2%         N/A       36%         3
 Irradiate                Conj/Tmut      10%        3d17      50%         5
 Petrify                  Tmut/Erth      4%         N/A       78%         4
 Shadow Creatures         Summ           N/A        N/A       100%        6


Dungeon Overview and Level Annotations

Branches:
Dungeon (7/15)             Temple (1/1) D:6

Altars:
Ashenzari
Cheibriados
Elyvilon
Gozag
Hepliaklqana
Kikubaaqudgha
Makhleb
Okawaru
Qazlal
Sif Muna
Trog
Uskayaw
Wu Jian
Yredelemnul
Zin
The Shining One

Shops:
D:5 *

Annotations:
D:3 2 runed translucent doors, osoart's ghost, amateur DrCj


Innate Abilities, Weirdness & Mutations

You have a beak for a mouth.
You have claws for feet.
Your magical nature lets you fly swiftly and evasively.


Message History

The steam dragon hisses angrily.
Aim: a steam dragon (heavily wounded)
The air twists around and strikes the steam dragon!
The steam dragon breathes steam at you. The ball of steam misses you.
You hear an angry buzzing noise.
Found 7 javelins.
Aim: a steam dragon (almost dead)
The air twists around and strikes the steam dragon!
You kill the steam dragon!
You are engulfed in a cloud of scalding steam.
Found a lumpy red potion.
You are engulfed in a cloud of scalding steam.
A killer bee comes into view.
A killer bee comes into view.
There is an open door here.
A killer bee comes into view.
The killer bee misses you.
The killer bee is struck by an arc of lightning!
You are struck by an arc of lightning.
The killer bee is struck by an arc of lightning!
You are struck by an arc of lightning.
The lightning grounds out.
The killer bee buzzes angrily.
You hear an angry buzzing noise.
A killer bee comes into view.
The killer bee closely misses you.
A killer bee comes into view. x2
The killer bee stings you but does no damage.
You don't know that spell.
The killer bee is struck by an arc of lightning.
You kill the killer bee!
The lightning grounds out.
The killer bee buzzes angrily. x2
Your Air Magic skill increases to level 12!
The killer bee is struck by an arc of lightning!
You are struck by an arc of lightning.
The lightning grounds out.
The killer bee stings you! The killer bee barely misses you.
The killer bee is struck by an arc of lightning.
The lightning grounds out.
The killer bee stings you!
* * * LOW HITPOINT WARNING * * *
The killer bee stings you!
* * * LOW HITPOINT WARNING * * *
You are poisoned.
The killer bee poisons you!
You feel sick.
You feel sick. The killer bee barely misses you. The killer bee misses you.
The killer bee barely misses you.
You feel sick.
The killer bee stings you but does no damage.
You feel sick. The killer bee stings you.
You die...

#....# #....# .
+....# . ###'##
.# ##y####.##.
#..........
#...y......
#yyy.......
##.@.####..
###...##########
#..............#
#.........<....#
#..............#
#..............#
################


You could see 5 killer bees.

Vanquished Creatures
  A steam dragon (D:7)
  An ice beast (D:6)
  A hornet zombie (D:6)
  2 orc warriors
  2 necrophages (D:6)
  3 sky beasts
  4 ogres
  2 phantoms (D:4)
  2 scorpions
  A wyvern zombie (D:6)
  A killer bee (D:7)
  A howler monkey (D:5)
  A bullfrog zombie (D:5)
  2 hounds
  An orc priest (D:3)
  2 iguanas
  A centaur skeleton (D:5)
  Ijyb (D:4)
  Natasha (D:4)
  9 orc wizards
  A hound skeleton (D:4)
  Robin (D:4)
  A gnoll (D:1)
  5 adders
  A white imp (D:6)
  2 adder skeletons (D:4)
  A worm (D:3)
  A dart slug (D:4)
  15 orcs
  4 ball pythons
  7 endoplasms
  2 giant cockroaches (D:1)
  14 goblins
  6 hobgoblins
  4 jackals
  4 quokkas
  6 bats
  3 frilled lizards (D:3)
  6 kobolds
  3 rats
126 creatures vanquished.

Notes
Turn   | Place    | Note
-------+----------+-------------------------------------------
     0 | D:1      | growler the Tengu Air Elementalist began the quest for the
                  | Orb.
     0 | D:1      | Reached XP level 1. HP: 10/10 MP: 4/4
   246 | D:1      | Reached XP level 2. HP: 15/15 MP: 0/6
   249 | D:1      | Learned a level 2 spell: Static Discharge
  1020 | D:1      | Reached XP level 3. HP: 19/19 MP: 3/7
  1069 | D:1      | Learned a level 3 spell: Swiftness
  1377 | D:2      | Found a faded altar of an unknown god.
  1607 | D:2      | Found a hazy altar of Hepliaklqana.
  2235 | D:2      | Reached XP level 4. HP: 23/24 MP: 4/9
  2529 | D:3      | Reached skill level 5 in Air Magic
  3036 | D:3      | Gained mutation: Your magical nature lets you fly swiftly
                  | and evasively. [Tengu growth]
  3036 | D:3      | Reached XP level 5. HP: 28/28 MP: 3/10
  3041 | D:3      | Learned a level 4 spell: Airstrike
  3156 | D:3      | Found a runed translucent door.
  3157 | D:3      | Noticed osoart's ghost (amateur DrCj)
  3673 | D:3      | Found a runed translucent door.
  4108 | D:4      | Noticed a phantom
  4286 | D:4      | Noticed an orc warrior
  4287 | D:4      | Found a bloodstained altar of Trog.
  4584 | D:4      | Noticed a phantom
  4595 | D:4      | Killed a phantom
  4596 | D:4      | Reached skill level 6 in Air Magic
  4596 | D:4      | Reached XP level 6. HP: 14/32 MP: 0/12
  4829 | D:4      | Reached skill level 5 in Conjurations
  5051 | D:4      | Noticed Robin
  5054 | D:4      | Killed Robin
  5154 | D:4      | You are sucked into a shaft and drop 1 floor!
  5154 | D:5      | Entered Level 5 of the Dungeon
  5490 | D:4      | Reached XP level 7. HP: 27/36 MP: 4/14
  5659 | D:4      | Reached skill level 7 in Air Magic
  5856 | D:4      | Found a shimmering blue altar of Sif Muna.
  5921 | D:4      | Got Sif Muna's Incunabulum of Companions
  5946 | D:4      | Noticed Ijyb
  6317 | D:4      | Noticed Natasha
  6320 | D:4      | Killed Natasha
  6848 | D:4      | Killed Ijyb
  7086 | D:5      | Found Gogeeh's Overcharged Wands.
  7202 | D:5      | Reached skill level 5 in Spellcasting
  7202 | D:5      | Reached skill level 8 in Air Magic
  7202 | D:5      | Reached XP level 8. HP: 41/41 MP: 3/16
  7819 | D:5      | Reached skill level 9 in Air Magic
  8991 | D:6      | Reached skill level 10 in Air Magic
  9071 | D:6      | Found a staircase to the Ecumenical Temple.
  9086 | D:6      | Reached XP level 9. HP: 45/45 MP: 6/17
  9094 | Temple   | Entered the Ecumenical Temple
  9643 | D:6      | Found a glowing silver altar of Zin.
  9830 | D:6      | Reached skill level 11 in Air Magic
 10596 | D:7      | Reached skill level 12 in Air Magic
 10601 | D:7      | Slain by a killer bee

Illustrated notes

Levels and vault maps discovered:
D:1:      minmay_arrival_floating_metal, layout_basic, corexii_hall_statues_i
D:2:      layout_loops_corners, basic_ecumenical_altar, basic_altar
D:3:      layout_loops_ring, ebering_ghost_sewer_f
D:4:      layout_basic, nzn_overflow_gifts_of_might_and_magic,
          grunt_ministairs_9, uniq_natasha, uniq_ijyb, uniq_robin
D:5:      cheibrodos_helix_gallery, layout_loops_ring,
          nicolae_shop_overcharged_wands
D:6:      layout_basic, overflow_temple_1_default,
          minmay_temple_entry_stoned_glass
D:7:      layout_gridville, serial_shops, shop
Temple:   nicolae_temple_figure_eight

Skill      XL: |  1  2  3  4  5  6  7  8  9 |
---------------+----------------------------+-----
Conjurations   | 2 3 4 5 6 9 |  9.0
Air Magic      | 5 6 8 10 12 | 12.0
Spellcasting   | 3 4 5 |  5.0
Dodging        | |  2.1
Stealth        | |  2.0

Action                   |  1- 3 |  4- 6 |  7- 9 || total
-------------------------+-------+-------+-------++-------
Melee: Unarmed           |    15 |    15 |    13 ||    43
       Kick              |     2 |     5 |     7 ||    14
       Peck              |     1 |     2 |       ||     3
 Cast: Shock             |    80 |    45 |    15 ||   140
       Static Discharge  |       |    40 |    48 ||    88
       Airstrike         |       |       |    50 ||    50
  Use: Scroll            |       |     2 |     4 ||     6
Armor: Robe              |    13 |     8 |     9 ||    30
Dodge: Dodged            |    19 |    28 |    39 ||    86
